 Dungeon Crawl Stone Soup version 0.29-a0-384-g6960b1960d (webtiles) character file.

Game seed: 1062661194900923079

9207 quokkamancerX the Carver (level 11, 0/99 HPs)
             Began as a Merfolk Gladiator on May 7, 2022.
             Was an Initiate of Gozag.
             Incinerated by a deep elf pyromancer (2 damage)
             ... with a sticky flame
             ... on level 10 of the Dungeon.
             The game lasted 00:51:05 (12278 turns).

quokkamancerX the Carver (Merfolk Gladiator)       Turns: 12278, Time: 00:51:06

Health: 0/99       AC: 12    Str: 15    XL:     11   Next: 42%
Magic:  11/11      EV: 15    Int:  7    God:    Gozag
Gold:   322        SH:  0    Dex: 20    Spells: 10/10 levels left

rFire   + + .      SeeInvis +   B - +0 scimitar
rCold   + . .      Faith    .   (no shield)
rNeg    . . .      Spirit   .   w - +4 ring mail {rC+}
rPois   +          Reflect  .   c - +2 helmet
rElec   +          Harm     .   F - scarf {shadows}
rCorr   +          Rampage  .   (no gloves)
Will    .....                   (no boots)
Stlth   +.........              u - amulet of regeneration
HPRegen 1.06/turn               r - ring of see invisible
MPRegen 0.12/turn               t - ring of fire

@: on fire, about to teleport, resistant (expiring), glowing
A: (nimble swimmer 2), mertail
a: Renounce Religion, Potion Petition, Call Merchant, Bribe Branch


You were on level 10 of the Dungeon.
You worshipped Gozag.
Gozag was aware of your devotion.
You visited 2 branches of the dungeon, and saw 11 of its levels.

You collected 1133 gold pieces.
You spent 75 gold pieces at shops.
You paid 736 gold pieces to Gozag.

Inventory:

Hand Weapons
 B - a +0 scimitar (weapon)
Missiles
 d - a throwing net
 e - a javelin (quivered)
 m - a curare-tipped dart
Armour
 c - a +2 helmet (worn)
 w - a +4 ring mail of cold resistance (worn)
 F - a scarf of shadows (worn)
Jewellery
 a - a ring of wizardry
 h - a ring of protection from cold
 q - a ring of protection from cold
 r - a ring of see invisible (left hand)
 t - a ring of fire (right hand)
 u - an amulet of regeneration (around neck)
Wands
 v - a wand of iceblast (14)
 y - a wand of flame (51)
 z - a wand of digging (3)
 E - a wand of mindburst (4)
Scrolls
 g - 3 scrolls of teleportation
 i - a scroll of identify
 l - 2 scrolls of magic mapping
 p - 2 scrolls of fear
 x - 3 scrolls of immolation
 A - a scroll of vulnerability
 G - a scroll of poison {unknown}
Potions
 b - a potion of attraction
 f - 3 potions of mutation
 k - a potion of curing
 n - 2 potions of brilliance
 o - 6 potions of flight
 s - 2 potions of cancellation


   Skills:
 + Level 13.7 Fighting
 - Level 14.0 Long Blades
 - Level 2.0 Throwing
 + Level 7.1 Dodging


You had 10 spell levels left.
You didn't know any spells.
Your spell library was empty.

Dungeon Overview and Level Annotations

Branches:
Dungeon (10/15)            Temple (1/1) D:6            Lair (0/6) D:9
    Orc: D:9-12

Altars:
Ashenzari
Cheibriados
Dithmenos
Elyvilon
Fedhas
Gozag
Hepliaklqana
Kikubaaqudgha
Makhleb
Nemelex Xobeh
Okawaru
Qazlal
Ru
Sif Muna
Trog
Uskayaw
Vehumet
Wu Jian
Xom
Yredelemnul
Zin
The Shining One

Shops:
D:2 *   D:6 (


Innate Abilities, Weirdness & Mutations

((You are very nimble when in or above water. (Stealth+, EV+, Speed+++)))
Your lower body shifts to a powerful aquatic tail in water.


Message History

The fire elemental is distracted by your dazzling golden aura.
A hornet comes into view.
The hornet moves out of view.
A fire elemental is nearby!
The hornet is distracted by your dazzling golden aura.
Okay, then.
The hornet is no longer distracted by gold.
As you read the scroll of fear, it crumbles to dust.
You assume a fearsome visage.
The hornet looks frightened!
The fire elemental is unaffected. x2
You feel yourself speed up.
You start to feel less resistant.
The fire elemental is distracted by your dazzling golden aura.
The fire elemental closely misses you.
The fire elemental completely misses you.
There are monsters nearby!
As you read the scroll of teleportation, it crumbles to dust.
You feel strangely unstable. The fire elemental hits you.
The fire elemental burns you! You resist.
* * * LOW HITPOINT WARNING * * *
The deep elf pyromancer gestures at you while chanting.
The sticky flame hits you. You resist.
You are covered in liquid flames!
* * * LOW HITPOINT WARNING * * *
You're wearing all the rings you can.
Remove which one? (? for menu, Esc to cancel) < or
r - a ring of see invisible; > or
h - a ring of protection from cold You remove your ring of protection from cold.
You are covered in liquid flames!
* * * LOW HITPOINT WARNING * * *
The fire elemental hits you. The fire elemental burns you! You resist.
* * * LOW HITPOINT WARNING * * *
You feel more attuned to fire.
t - a ring of fire (right hand)
You are covered in liquid flames!
The deep elf pyromancer attacks as you move away!
The deep elf pyromancer hits you with a +0 rapier.
* * * LOW HITPOINT WARNING * * *
You are covered in liquid flames!
You die...
Your body crumbles into a pile of gold.

###.............
#...............
#...............
#..###y.........
####.........
#..###+####
###..##.
######....#.
##.##@#.§§§E# $
#......e§.○#
##....E##§§§#
#.)....###§.# ##
##.##..§§§E.###
#.#
#####§§§§§§#.##..#
#.§.§§§§§☼○°○..+
#........#e○##.#
#........#☼#W# #


You could see a deep elf pyromancer and a fire elemental (summoned).

Vanquished Creatures
  An ogre mage (D:10)
  A two-headed ogre (D:9)
  A manticore (D:10)
  A komodo dragon (D:9)
  2 trolls (D:10)
  A hornet (D:10)
  A slime creature (D:10)
  3 wyverns
  16 yaks
  A steam dragon (D:8)
  A water moccasin (D:8)
  Duvessa (D:4)
  2 sky beasts
  5 orc warriors
  3 ice beasts
  3 centaurs
  5 black bears
  A phantom (D:4)
  A kobold brigand (D:8)
  3 necrophages
  5 scorpions
  A bullfrog (D:6)
  5 wights
  Dowan (D:4)
  6 killer bees (D:8)
  A howler monkey (D:10)
  A gnoll shaman (D:7)
  3 hounds
  A jelly (D:5)
  Jessica (D:2)
  Ijyb (D:4)
  4 iguanas
  4 orc wizards
  8 gnolls
  7 adders
  A shadow imp (D:6)
  3 white imps
  An ufetubus (D:6)
  4 worms
  2 dart slugs
  13 orcs
  6 ball pythons
  3 endoplasms
  4 giant cockroaches
  8 goblins
  8 hobgoblins
  11 jackals
  6 quokkas
  4 bats
  A frilled lizard (D:2)
  10 kobolds
  4 rats
191 creatures vanquished.

Vanquished Creatures (others)
  17 plants
17 creatures vanquished.

Grand Total: 208 creatures vanquished

Notes
Turn   | Place    | Note
-------+----------+-------------------------------------------
     0 | D:1      | quokkamancerX the Merfolk Gladiator began the quest for the
                  | Orb.
     0 | D:1      | Reached XP level 1. HP: 16/16 MP: 1/1
   269 | D:1      | Reached XP level 2. HP: 8/23 MP: 2/2
   273 | D:1      | Reached skill level 4 in Long Blades
   788 | D:1      | Reached XP level 3. HP: 28/29 MP: 3/3
  1271 | D:2      | Noticed Jessica
  1288 | D:2      | Killed Jessica
  1289 | D:2      | Reached XP level 4. HP: 25/35 MP: 4/4
  1883 | D:2      | Reached skill level 5 in Long Blades
  2070 | D:2      | Found Uding's Assorted Antiques.
  2337 | D:2      | Found a faded altar of an unknown god.
  2627 | D:2      | Bought a fuming inky potion for 23 gold pieces
  3113 | D:3      | Reached XP level 5. HP: 42/42 MP: 5/5
  3501 | D:2      | Bought a scroll labelled FETIXZ QEMI for 26 gold pieces
  3501 | D:2      | Bought a scroll labelled HYZOLURISO for 26 gold pieces
  3613 | D:4      | Noticed Ijyb
  3629 | D:4      | Killed Ijyb
  3790 | D:4      | Reached skill level 5 in Fighting
  3790 | D:4      | Reached skill level 6 in Long Blades
  3790 | D:4      | Reached XP level 6. HP: 40/51 MP: 6/6
  4641 | D:5      | Entered Level 5 of the Dungeon
  4699 | D:5      | Noticed Dowan
  4712 | D:5      | Noticed a sky beast
  4741 | D:4      | Reached skill level 7 in Long Blades
  4741 | D:4      | Reached XP level 7. HP: 36/57 MP: 7/7
  5267 | D:5      | Noticed Duvessa
  5442 | D:4      | HP: 2/59 [poisoned by Dowan]
  6141 | D:5      | Reached skill level 8 in Long Blades
  6143 | D:5      | Reached XP level 8. HP: 55/67 MP: 8/8
  6389 | D:5      | Reached skill level 9 in Long Blades
  6665 | D:4      | Killed Duvessa
  6671 | D:4      | Killed Dowan
  6932 | D:6      | Found Ihoapua's Antique Weapon Shop.
  7195 | D:6      | Reached skill level 10 in Long Blades
  7195 | D:6      | Reached XP level 9. HP: 66/75 MP: 9/9
  7264 | D:6      | Found a staircase to the Ecumenical Temple.
  7655 | D:6      | Reached skill level 11 in Long Blades
  8272 | D:7      | Reached skill level 10 in Fighting
  8984 | D:7      | Found a snail-covered altar of Cheibriados.
  9070 | D:7      | Identified the +4 dagger of Exoneration {holy, *Noise Will-
                  | rCorr Str+5}
  9156 | Temple   | Entered the Ecumenical Temple
  9499 | Temple   | Became a worshipper of Gozag Ym Sagoz the Greedy
  9849 | D:8      | Reached skill level 12 in Long Blades
  9983 | D:8      | Reached XP level 10. HP: 83/86 MP: 10/10
 11207 | D:8      | Reached skill level 13 in Long Blades
 11589 | D:9      | Noticed a two-headed ogre
 11595 | D:9      | Killed a two-headed ogre
 11596 | D:9      | Reached skill level 14 in Long Blades
 11596 | D:9      | Reached XP level 11. HP: 97/97 MP: 11/11
 11716 | D:9      | Reached skill level 5 in Dodging
 11782 | D:9      | Found a staircase to the Lair.
 12093 | D:10     | Entered Level 10 of the Dungeon
 12216 | D:10     | Noticed an ogre mage
 12218 | D:10     | Noticed an ogre mage
 12221 | D:10     | Noticed an ogre mage
 12221 | D:10     | Noticed a deep elf pyromancer
 12227 | D:10     | Killed an ogre mage
 12228 | D:10     | Noticed a cyclops
 12229 | D:10     | Noticed a manticore
 12242 | D:10     | Killed a manticore
 12245 | D:10     | Noticed a boulder beetle
 12263 | D:10     | Noticed a centaur warrior
 12278 | D:10     | HP: 2/99 [deep elf pyromancer/+0 rapier (5)]
 12278 | D:10     | Incinerated by a deep elf pyromancer

Illustrated notes

Levels and vault maps discovered:
D:1:      mushboom_english_gardens, layout_basic
D:2:      layout_basic, serial_shops, nicolae_diamond_shop,
          shapermc_ecumenical_altar_gd, minmay_misc_feat_columns,
          amcnicky_mini_corridor_feature, uniq_jessica
D:3:      layout_basic, corexii_item_surrounded_by_moat
D:4:      layout_layer_cave, serial_bayou_ford_a, kennysheep_opposing_triangles,
          uniq_ijyb
D:5:      minmay_chambers_of_fours, layout_rooms, uniq_duvessa
D:6:      layout_basic, minmay_temple_entry_from_below_a, serial_shops,
          nicolae_lakefront_shop, abandoned_shop, grunt_decor_mini_mirrors,
          minmay_curled_crystal
D:7:      layout_basic, mainiacjoe_overflow_alcove_1
D:8:      layout_gridville
D:9:      layout_cave_pools, david_lair_shrubbed
D:10:     minmay_the_grid_square_5x5_4x4 [minmay_the_grid_square_5x5_checkered,
          minmay_the_grid_square_5x5_beaten_path,
          minmay_the_grid_square_5x5_eight_small,
          minmay_the_grid_square_5x5_forky,
          minmay_the_grid_square_5x5_misaligned,
          minmay_the_grid_square_5x5_prize_pseudospiral,
          minmay_the_grid_square_5x5_prize_gold,
          minmay_the_grid_square_5x5_eight, minmay_the_grid_square_5x5_slash,
          minmay_the_grid_square_5x5_prize_junk,
          minmay_the_grid_square_5x5_prize_open,
          minmay_the_grid_square_5x5_checkered_statues,
          minmay_the_grid_square_5x5_mess, minmay_the_grid_square_5x5_moneybag,
          minmay_the_grid_square_5x5_seven, minmay_the_grid_square_5x5_bridge],
          layout_cave_pools, orc_0_dummy, uniq_nergalle, uniq_maggie
Temple:   compressed_dpeg_triangle_lava_temple

Skill      XL: |  1  2  3  4  5  6  7  8  9 10 11 |
---------------+----------------------------------+-----
Long Blades    | 4 5 6 7 8 10 12 14 | 14.0
Fighting       | 3 4 5 7 8 10 12 13 | 13.7
Dodging        | 7 |  7.1
Throwing       | |  2.0

Action                   |  1- 3 |  4- 6 |  7- 9 | 10-12 || total
-------------------------+-------+-------+-------+-------++-------
Melee: Long sword        |    86 |       |    44 |       ||   130
       Punch             |     1 |     2 |     3 |     3 ||     9
       Dagger            |       |   242 |    88 |       ||   330
       Scimitar          |       |       |   175 |   290 ||   465
Throw: Throwing net      |     1 |     2 |     1 |     1 ||     5
       Boomerang         |       |    23 |     2 |       ||    25
       Dart              |       |     3 |     4 |       ||     7
       Javelin           |       |     1 |     2 |     3 ||     6
Invok: Potion Petition   |       |       |       |     1 ||     1
  Use: Scroll            |       |    12 |     5 |     9 ||    26
       Potion            |       |     1 |     2 |     9 ||    12
 Stab: Sleeping          |     2 |       |       |       ||     2
       Held in net/web   |     1 |     3 |       |     2 ||     6
Armor: Leather armour    |    27 |    17 |       |       ||    44
       Ring mail         |       |    17 |    94 |    85 ||   196
       Skin              |       |       |     4 |    55 ||    59
Dodge: Dodged            |    68 |    69 |   146 |   217 ||   500

Table legend: (Time is in decaauts)
 A = Elapsed time spent in this place.
 B = Non-inter-level travel time spent in this place.
 C = Inter-level travel time spent in this place.
 D = Time resting spent in this place.
 E = Time spent auto-exploring this place.
 F = Levels seen in this place.
 G = Mean time per level.
                   A        B        C        D        E       F      G
               +--------+--------+--------+--------+--------+-----+--------+
         Total |  12051 |  11300 |    751 |   1865 |   7197 |  11 | 1095.5 |
       Dungeon |  11694 |  10981 |    713 |   1865 |   6894 |  10 | 1169.4 |
        Temple |    356 |    318 |     38 |      0 |    303 |   1 |  356.0 |
               +--------+--------+--------+--------+--------+-----+--------+

Top non-repeatable levels by time:
     D:4: 1990 daAuts
     D:8: 1721 daAuts
     D:2: 1601 daAuts
     D:6: 1318 daAuts
     D:5: 1198 daAuts
     D:7: 1188 daAuts
     D:1: 1089 daAuts
     D:3: 809 daAuts
     D:9: 605 daAuts
  Temple: 356 daAuts
    D:10: 171 daAuts
